% Time on Ice - KANSAS CITY KILLERBEES
Lines # - Real PCT - Wanted PCT - Time Play
Normal Forward
1 - 34% - 34% - 15:58
2 - 31% - 33% - 14:35
3 - 29% - 25% - 13:34
4 - 7% - 8% - 3:20
Normal Defense
1 - 33% - 35% - 15:49
2 - 34% - 35% - 16:17
3 - 28% - 20% - 13:09
4 - 5% - 10% - 2:12
PP Forward
1 - 46% - 55% - 2:43
2 - 54% - 45% - 3:14
PP Defense
1 - 46% - 55% - 2:44
2 - 54% - 45% - 3:13
PK Forward
1 - 65% - 55% - 3:52
2 - 35% - 45% - 2:05
PK Defense
1 - 52% - 55% - 3:06
2 - 48% - 45% - 2:51
PK3 Forward
1 - 0% - 55%
2 - 0% - 45%
PK3 Defense
1 - 0% - 55%
2 - 0% - 45%
44 Forward
1 - 0% - 55%
2 - 0% - 45%
44 Defense
1 - 0% - 55%
2 - 0% - 45%
Last Minute Offensive  - 0:00
Last Minute Defensive  - 0:39
Total
Forward - 60:00
Defense - 60:00
% Time on Ice - UTAH ICE BEARS
Lines # - Real PCT - Wanted PCT - Time Play
Normal Forward
1 - 30% - 33% - 14:25
2 - 31% - 31% - 14:44
3 - 20% - 23% - 9:29
4 - 19% - 13% - 9:01
Normal Defense
1 - 35% - 36% - 16:45
2 - 27% - 31% - 13:06
3 - 32% - 23% - 15:15
4 - 5% - 10% - 2:33
PP Forward
1 - 52% - 55% - 3:05
2 - 48% - 45% - 2:52
PP Defense
1 - 59% - 55% - 3:30
2 - 41% - 45% - 2:27
PK Forward
1 - 60% - 55% - 3:35
2 - 40% - 45% - 2:22
PK Defense
1 - 63% - 55% - 3:44
2 - 37% - 45% - 2:13
PK3 Forward
1 - 0% - 55%
2 - 0% - 45%
PK3 Defense
1 - 0% - 55%
2 - 0% - 45%
44 Forward
1 - 0% - 55%
2 - 0% - 45%
44 Defense
1 - 0% - 55%
2 - 0% - 45%
Last Minute Offensive  - 0:27
Last Minute Defensive  - 0:00
Total
Forward - 60:00
Defense - 60:00
Play-by-Play 1st period 0:01 of 1st period - Sean Couturier wins face-off versus Adam Mascherin in neutral zone. 0:15 of 1st period - MacKenzie Weegar is hit by Mark Stone and loses puck. 0:24 of 1st period - Shot by Sean Couturier. 0:24 of 1st period - Stopped by Devan Dubnyk without a rebound. 0:25 of 1st period - Nicholas Paul wins face-off versus Nicholas Ritchie in UTAH ICE BEARS zone. 0:41 of 1st period - Shot by Yegor Sharangovich. 0:41 of 1st period - Shot Misses the Net. 0:43 of 1st period - Shot by Cam Fowler. 0:43 of 1st period - Stopped by Devan Dubnyk without a rebound. 0:44 of 1st period - Artem Anisimov wins face-off versus Zach Aston-Reese in UTAH ICE BEARS zone. 1:15 of 1st period - Shot by Mattias Janmark. 1:15 of 1st period - Stopped by John Gibson with a rebound. 1:48 of 1st period - Shot by Nicholas Ritchie. 1:48 of 1st period - Stopped by Devan Dubnyk without a rebound. 1:49 of 1st period - Nicholas Paul wins face-off versus Sean Couturier in UTAH ICE BEARS zone. 2:05 of 1st period - Shot by Kyle Okposo. 2:05 of 1st period - Stopped by John Gibson without a rebound. 2:06 of 1st period - Yegor Sharangovich wins face-off versus Adam Mascherin in KANSAS CITY KILLERBEES zone. 2:24 of 1st period - Shot by Casey Mittelstadt. 2:24 of 1st period - Deflect By Andrew Mangiapane. 2:24 of 1st period - Stopped by John Gibson with a rebound. 2:38 of 1st period - Nicholas Ritchie is hit by Andrew Mangiapane. 2:48 of 1st period - MacKenzie Weegar is hit by Yegor Sharangovich and loses puck. 3:24 of 1st period - Shot by Sean Couturier. 3:24 of 1st period - Shot Misses the Net. 4:35 of 1st period - Shot by Zach Aston-Reese. 4:35 of 1st period - Deflect By Trevor Moore. 4:35 of 1st period - Stopped by Devan Dubnyk without a rebound. 4:36 of 1st period - Josh Archibald wins face-off versus Nicholas Paul in UTAH ICE BEARS zone. 5:01 of 1st period - Shot by Ryan Dzingel. 5:01 of 1st period - Stopped by Devan Dubnyk without a rebound. 5:02 of 1st period - Yegor Sharangovich wins face-off versus Adam Mascherin in UTAH ICE BEARS zone. 5:24 of 1st period - Shot by Yegor Sharangovich. 5:24 of 1st period - Shot Misses the Net. 5:40 of 1st period - Andrew Mangiapane is hit by Yegor Sharangovich and loses puck. 7:18 of 1st period - Icing by Sean Couturier. 7:19 of 1st period - Sean Couturier wins face-off versus Artem Anisimov in KANSAS CITY KILLERBEES zone. 7:37 of 1st period - Off-side. 7:38 of 1st period - Ross Colton wins face-off versus Yegor Sharangovich in neutral zone. 8:00 of 1st period - Shot by Ross Colton. 8:00 of 1st period - Shot Misses the Net. 8:19 of 1st period - Icing by K'Andre Miller. 8:20 of 1st period - Yegor Sharangovich wins face-off versus Artem Anisimov in KANSAS CITY KILLERBEES zone. 8:38 of 1st period - Shot by Zachary Sanford. 8:38 of 1st period - Stopped by John Gibson without a rebound. 8:39 of 1st period - Sean Couturier wins face-off versus Adam Mascherin in KANSAS CITY KILLERBEES zone. 8:44 of 1st period - Shot by Mark Stone. 8:44 of 1st period - Shot Blocked by T.J. Brodie. 8:48 of 1st period - Shot by Zach Hyman. 8:48 of 1st period - Deflect By Sean Couturier. 8:48 of 1st period - Shot Misses the Net. 8:50 of 1st period - Shot by Mark Stone. 8:50 of 1st period - Goal by Mark Stone - KANSAS CITY KILLERBEES : 1 - UTAH ICE BEARS : 0. 8:51 of 1st period - Nicholas Paul wins face-off versus Zach Aston-Reese in neutral zone. 9:11 of 1st period - Nicholas Paul is hit by Colin Miller and loses puck. 9:37 of 1st period - Icing by Will Butcher. 9:38 of 1st period - Adam Mascherin wins face-off versus Zach Aston-Reese in KANSAS CITY KILLERBEES zone. 10:11 of 1st period - Minor Penalty to Colin Miller for Tripping. 10:12 of 1st period - Nick Schmaltz wins face-off versus Zachary Sanford in KANSAS CITY KILLERBEES zone. 11:06 of 1st period - Icing by Artem Anisimov. 11:07 of 1st period - Artem Anisimov wins face-off versus Zach Aston-Reese in UTAH ICE BEARS zone. 12:02 of 1st period - Shot by Rudolfs Balcers. 12:02 of 1st period - Stopped by John Gibson without a rebound. 12:03 of 1st period - Nicholas Paul wins face-off versus Riley Sheahan in KANSAS CITY KILLERBEES zone. 12:42 of 1st period - Shot by Ross Colton. 12:42 of 1st period - Stopped by John Gibson without a rebound. 12:43 of 1st period - Yegor Sharangovich wins face-off versus Nicholas Paul in KANSAS CITY KILLERBEES zone. 12:43 of 1st period - Yegor Sharangovich is hit by Rudolfs Balcers. 13:35 of 1st period - Icing by Jacob Muzzin. 13:36 of 1st period - Sean Couturier wins face-off versus Artem Anisimov in KANSAS CITY KILLERBEES zone. 13:56 of 1st period - Shot by Sean Couturier. 13:56 of 1st period - Shot Misses the Net. 14:17 of 1st period - Icing by Zachary Sanford. 14:18 of 1st period - Artem Anisimov wins face-off versus Yegor Sharangovich in UTAH ICE BEARS zone. 15:01 of 1st period - Shot by Andrew Mangiapane. 15:01 of 1st period - Shot Blocked by Will Butcher. 15:45 of 1st period - Trevor Moore is hit by Artem Zub and loses puck. 16:16 of 1st period - Shot by Zach Hyman. 16:16 of 1st period - Shot Misses the Net. 16:18 of 1st period - Shot by Sean Couturier. 16:18 of 1st period - Stopped by Devan Dubnyk with a rebound. 16:35 of 1st period - Minor Penalty to Nicholas Paul for Elbowing. 16:36 of 1st period - Yegor Sharangovich wins face-off versus Artem Anisimov in UTAH ICE BEARS zone. 16:41 of 1st period - Shot by Yegor Sharangovich. 16:41 of 1st period - Stopped by Devan Dubnyk without a rebound. 16:42 of 1st period - Kyle Okposo wins face-off versus Yegor Sharangovich in UTAH ICE BEARS zone. 16:42 of 1st period - Kyle Okposo is hit by Nicholas Ritchie. 16:54 of 1st period - Shot by Jacob Muzzin. 16:54 of 1st period - Stopped by Devan Dubnyk with a rebound. 16:56 of 1st period - Shot by Nick Schmaltz. 16:56 of 1st period - Shot Misses the Net. 16:58 of 1st period - Shot by Will Butcher. 16:58 of 1st period - Shot Misses the Net. 17:00 of 1st period - Shot by Will Butcher. 17:00 of 1st per